 Dungeon Crawl Stone Soup version 0.31-a0-1496-g79c7dd0eeb (webtiles) character file.

Game seed: 10057659588329950188

284 browncat47 the Chopper (level 6, -1/56 HPs)
             Began as a Minotaur Berserker on Dec 30, 2023.
             Was a Believer of Trog.
             Succumbed to bmj180's ghost's poison
             ... on level 3 of the Dungeon.
             The game lasted 00:03:10 (2739 turns).

browncat47 the Chopper (Minotaur Berserker)         Turns: 2739, Time: 00:03:10

Health: -1/56      AC: 11    Str: 24    XL:     6   Next: 7%
Magic:  5/5        EV:  7    Int:  4    God:    Trog [**....]
Gold:   158        SH:  5    Dex:  9    Spells: 5/5 levels left

rFire   . . .        a - +0 hand axe
rCold   . . .        f - orb {*Rage}
rNeg    + . .        b - +0 plate armour
rPois   .            (helmet currently unavailable)
rElec   .            (cloak currently unavailable)
rCorr   .            k - melded +0 pair of gloves
SInv    .            (boots currently unavailable)
Will    +....        t - amulet of reflection Stlth
                     l - ring of willpower
HPRegen 0.29/turn    w - ring of positive energy
MPRegen 0.09/turn

%: random rage (20%), reflection
@: mighty, lethally poisoned (-1 -> -12), beast-form, on berserk cooldown,
hasted and slowed
A: beast (slay +0), horns 2, retaliatory headbutt
a: Begin Untransformation, Renounce Religion, Berserk, Trog's Hand


You were on level 3 of the Dungeon.
You worshipped Trog.
Trog was pleased with you.
You were a hulking beast.
You visited 1 branch of the dungeon, and saw 3 of its levels.

You collected 158 gold pieces.

Inventory:

Hand Weapons
 a - a +0 hand axe (weapon)
Armour
 b - a +0 plate armour (worn)
 f - an orb of wrath (worn)
 k - a +0 pair of gloves (melded)
Jewellery
 l - a ring of willpower (left hand)
 t - an amulet of reflection (around neck)
 w - a ring of positive energy (right hand)
Talismans
 s - a beast talisman (active)
Wands
 n - a wand of flame (3)
 r - a wand of roots (10)
Scrolls
 c - 2 scrolls of fog {unknown}
 e - 2 scrolls of teleportation {unknown}
 i - 2 scrolls of identify {unknown}
 j - a scroll of immolation {unknown}
 m - a scroll of vulnerability {unknown}
 o - 2 scrolls of revelation {unknown}
 q - a scroll of butterflies {unknown}
 u - a scroll of amnesia {unknown}
 v - a scroll of fear {unknown}
Potions
 d - a potion of might
 g - a potion of lignification {unknown}
 h - 2 potions of haste
 p - a potion of heal wounds {unknown}


   Skills:
 + Level 5.1 Fighting
 + Level 5.1 Axes
 + Level 4.2 Armour
 + Level 3.9 Dodging
 + Level 0.5 Shapeshifting


You had 5 spell levels left.
You didn't know any spells.
Your spell library was empty.

Dungeon Overview and Level Annotations

Branches:
Dungeon (3/15)

Altars:

Annotations:
D:3 bmj180's ghost, amateur HuCj


Innate Abilities, Weirdness & Mutations

You are a hulking beast.
Your limbs bulge with bestial killing power. (Slay +0)
You have a pair of horns on your head.
You reflexively headbutt those who attack you in melee.


Message History

Bmj180's ghost is severely damaged.
You feel extremely sick.
Bmj180's ghost whispers, "There is no future for you."
Bmj180's ghost hits you but does no damage.
You are more poisoned.
Bmj180's ghost whispers, "They're coming for you..."
Bmj180's ghost hits you but does no damage.
You hit bmj180's ghost.
Bmj180's ghost is severely damaged.
You feel very sick.
Bmj180's ghost points at you and mumbles some strange words.
The magic dart hits you.
* * * LOW HITPOINT WARNING * * *
Unknown command.
Aiming: Fastroot
Press: ? - help, Shift-Dir - straight line, f - ball python simulacrum
Aim: a ball python simulacrum The roots erupt in riotous growth!
Bmj180's ghost is unaffected.
Roots grab the ball python simulacrum.
Your skin stops crawling.
You feel less strong-willed.
The grasping roots constrict the ball python simulacrum.
The ball python simulacrum vaporises!
Trog accepts your kill.
* * * LOW HITPOINT WARNING * * *
You feel very sick.
Bmj180's ghost gestures at you while chanting.
The magic dart hits you but does no damage.
Bmj180's ghost hits you but does no damage.
You are lethally poisoned!
Unknown command.
Unknown command.
It was a potion of haste.
You feel yourself speed up.
* * * LOW HITPOINT WARNING * * *
You feel very sick.
Bmj180's ghost gestures at you while chanting.
The magic dart hits you.
* * * LOW HITPOINT WARNING * * *
It was a potion of might.
You feel very mighty all of a sudden.
You die...

##### #...# #####...# ##.......#
########## ######..##...)#
.[.......# ##.hWZ.........#
.......#.# ##..###'''###...#
#####..#.####..##..?....##..#####
#[![#.........##.........#.......
#??!#..#####..#..........##.#####
#?!=#..# #.##Z...####...#..#
#####..# #.#...###!)##..##.#
.......# ##.#..##..... #..#.#
.......# #..#..#...=.. #..#.#


You could see bmj180's ghost and a ball python simulacrum.

Vanquished Creatures
  A phantom (D:3)
  An orc wizard (D:3)
  Ijyb (D:3)
  4 gnolls (D:3)
  3 adders
  A hound simulacrum (D:3)
  2 worms
  2 dart slugs (D:1)
  An adder simulacrum (D:3)
  11 orcs (D:3)
  A bat (D:1)
  5 endoplasms
  3 giant cockroaches
  3 goblins
  2 hobgoblins
  4 quokkas
  5 ball pythons
  A ball python simulacrum (D:3)
  4 frilled lizards
  13 kobolds
  2 rats
70 creatures vanquished.

Notes
Turn   | Place    | Note
-------+----------+-------------------------------------------
     0 | D:1      | browncat47 the Minotaur Berserker began the quest for the
                  | Orb.
     0 | D:1      | Reached XP level 1. HP: 19/19 MP: 0/0
   260 | D:1      | Reached XP level 2. HP: 23/27 MP: 1/1
   589 | D:1      | Reached XP level 3. HP: 29/29 MP: 2/2
   965 | D:2      | Reached ** piety under Trog
  1696 | D:3      | Reached XP level 4. HP: 39/39 MP: 3/3
  1700 | D:3      | Noticed a phantom
  1710 | D:3      | Killed a phantom
  1711 | D:3      | Reached XP level 5. HP: 45/47 MP: 4/4
  1913 | D:3      | Noticed Ijyb
  1920 | D:3      | Killed Ijyb
  1979 | D:3      | Found a runed translucent gate.
  1979 | D:3      | Found a runed translucent gate.
  1983 | D:3      | Found a runed translucent gate.
  2012 | D:3      | Noticed bmj180's ghost (amateur HuCj)
  2133 | D:3      | Reached skill level 5 in Axes
  2136 | D:3      | Reached skill level 5 in Fighting
  2141 | D:3      | Reached XP level 6. HP: 35/56 MP: 5/5
  2738 | D:3      | HP: 2/56 [bmj180's ghost/magic dart (2)]
  2739 | D:3      | Succumbed to bmj180's ghost's poison

Illustrated notes

Levels and vault maps discovered:
D:1:      scummos_arrival_checkerplants, layout_loops_ring
D:2:      layout_loops_ring, kennysheep_generic_room_6
D:3:      layout_basic, gammafunk_ghost_icy, chequers_serial_rivers_large_a,
          roderic_serpentine_path, due_unseen_surprise, uniq_ijyb

Skill      XL: |  1  2  3  4  5 |
---------------+----------------+-----
Fighting       | 4 5 |  5.1
Axes           | 4 5 |  5.1
Armour         | 3 4 |  4.2
Dodging        | 3 |  3.9
Shapeshifting  | |  0.5

Action                     |  1- 3 |  4- 6 || total
---------------------------+-------+-------++-------
  Melee: Hand axe          |    88 |    74 ||   162
         Headbutt          |     9 |    10 ||    19
 Invoke: Berserk           |     1 |     1 ||     2
         Trog's Hand       |       |     1 ||     1
  Evoke: Wand              |       |     1 ||     1
    Use: Potion            |       |     2 ||     2
 Armour: Animal skin       |     3 |       ||     3
         Ring mail         |    51 |       ||    51
         Plate armour      |       |    80 ||    80
  Dodge: Dodged            |    50 |    27 ||    77
   Form: Beast             |       |     1 ||     1

Table legend: (Time is in decaauts)
 A = Elapsed time spent in this place.
 B = Non-inter-level travel time spent in this place.
 C = Inter-level travel time spent in this place.
 D = Time resting spent in this place.
 E = Time spent auto-exploring this place.
 F = Levels seen in this place.
 G = Mean time per level.
                   A        B        C        D        E       F      G
               +--------+--------+--------+--------+--------+-----+--------+
         Total |   2898 |   2852 |     46 |    597 |   1752 |   3 |  966.0 |
       Dungeon |   2898 |   2852 |     46 |    597 |   1752 |   3 |  966.0 |
               +--------+--------+--------+--------+--------+-----+--------+

Top non-repeatable levels by time:
     D:3: 1126 daAuts
     D:1: 889 daAuts
     D:2: 881 daAuts
